AoeStats
← 蒲池木昜

Arena

510078159Analyzed
4v4 RM · 2d ago on Sep 29, 2026· 61m 18s· 8 players
Game mode
Random Map
Map size
Large (8 player)
Population
200
Speed
Normal
Resources
Standard
Victory
Conquest
Starting age
Dark Age
Ending age
Imperial Age
RankedLock teamsTeams togetherTeam positionsShared explorationLock speedFull tech treeHidden civsTurbo modeCheats
Victory
Defeat
🇬🇧 Teutons · United Kingdom
1012
+13
🇺🇸 Byzantines · United States
970
+15
🇪🇸 Poles · Spain
937
+17
🇫🇷 Magyars · France
932
+17
🇨🇳 Persians · China
1052
-20
🇺🇸 Huns · United States
938
-15
🇮🇳 Japanese · India
919
-14
🇨🇳 Britons · China
898
-37
miltzillaa
11:31 Feudal Age
12:50 Loom
15:45 Castle Age
13:58 Double-Bit Axe
14:18 Horse Collar
15:34 Forging
17:30 Squires
19:39 Bow Saw
22:34 Heavy Plow
24:08 Wheelbarrow
23:42 Arson
24:56 Scale Mail Armor
25:31 Gambesons
27:51 Hand Cart
32:17 Imperial Age
30:16 Gold Mining
30:48 Pikeman
32:55 Chain Mail Armor
33:16 Iron Casting
33:40 Logistica
33:06 Halberdier
34:52 Plate Mail Armor
34:16 Elite Varangian Guard
38:43 Elite Cataphract
42:01 Block Printing
42:15 Illumination
42:30 Theocracy
46:10 Fervor
46:22 Redemption
48:16 Caravan
Walolo
10:43 Loom
13:56 Feudal Age
12:12 Loom
16:56 Horse Collar
17:04 Double-Bit Axe
17:27 Stone Mining
17:31 Gold Mining
19:06 Town Watch
19:59 Wheelbarrow
20:24 Forging
20:20 Scale Barding Armor
22:22 Castle Age
21:18 Bloodlines
25:44 Iron Casting
24:52 Light Cavalry
26:26 Hand Cart
26:31 Heavy Plow
27:58 Chain Barding Armor
28:40 Husbandry
31:31 Bow Saw
33:57 Fletching
34:07 Padded Archer Armor
34:08 Scale Mail Armor
35:40 Ballistics
35:32 Masonry
35:17 Murder Holes
35:03 Treadmill Crane
36:46 Town Patrol
36:48 Guard Tower
39:36 Arson
42:49 Imperial Age
40:28 Bodkin Arrow
40:48 Leather Archer Armor
43:00 Winged Hussar
44:06 Lechitic Legacy
44:06 Conscription
45:10 Chemistry
44:17 Siege Engineers
44:03 Arrowslits
45:41 Blast Furnace
51:44 Crop Rotation
54:05 Bracer
54:20 Chain Mail Armor
57:16 Plate Mail Armor
57:20 Coinage
56:56 Caravan
56:48 Cavalier
Benjings
10:40 Feudal Age
15:28 Castle Age
14:42 Double-Bit Axe
15:32 Fletching
16:27 Bodkin Arrow
23:54 Wheelbarrow
24:57 Bow Saw
29:40 Imperial Age
28:21 Scale Mail Armor
30:25 Hand Cart
32:11 Chemistry
32:08 Chain Mail Armor
33:07 Siege Engineers
39:49 Two-Man Saw
39:20 Elite Teutonic Knight
41:41 Ballistics
42:20 Plate Mail Armor
43:39 Forging
45:14 Iron Casting
46:57 Blast Furnace
48:22 Ironclad
56:40 Crenellations
57:02 Town Watch
57:04 Loom
61:02 Spies/Treason
Frardor /Transis
1:45 Loom
11:17 Feudal Age
11:42 Horse Collar
11:47 Double-Bit Axe
12:38 Wheelbarrow
18:02 Castle Age
19:21 Hand Cart
19:10 Heavy Plow
19:22 Bow Saw
20:01 Stone Mining
20:04 Gold Mining
24:21 Fletching
24:31 Padded Archer Armor
25:44 Corvinian Army
27:27 Scale Barding Armor
28:39 Hand Cart
28:59 Chain Barding Armor
30:16 Thumb Ring
30:27 Thumb Ring
30:47 Ballistics
30:33 Bodkin Arrow
30:55 Leather Archer Armor
31:31 Bloodlines
31:23 Husbandry
34:44 Imperial Age
35:01 Elite Magyar Huszar
36:02 Conscription
35:04 Heavy Cavalry Archer
36:13 Parthian Tactics
35:53 Bracer
36:24 Ring Archer Armor
36:31 Plate Barding Armor
36:43 Ring Archer Armor
37:28 Chemistry
40:01 Recurve Bow
41:30 Siege Engineers
46:04 Caravan
Black Wolf
13:00 Feudal Age
13:12 Loom
16:32 Castle Age
14:22 Double-Bit Axe
17:40 Horse Collar
19:09 Wheelbarrow
18:44 Gambesons
20:00 Horse Collar
23:33 Bow Saw
24:59 Crossbowman
27:39 Hand Cart
29:05 Town Watch
29:32 Thumb Ring
29:14 Pikeman
30:25 Caravan
31:18 Town Patrol
31:29 Gold Mining
31:32 Stone Mining
32:12 Squires
31:59 Arson
35:50 Imperial Age
34:58 Gold Shaft Mining
35:23 Ballistics
35:18 Forging
34:59 Fletching
35:10 Padded Archer Armor
35:10 Scale Mail Armor
35:55 Guard Tower
36:01 Murder Holes
36:17 Fortified Wall
37:36 Chemistry
36:39 Bodkin Arrow
36:47 Halberdier
38:22 Arrowslits
40:52 Two-Man Saw
40:16 Conscription
40:17 Kataparuto
39:29 Arbalester
41:52 Keep
42:29 Iron Casting
41:54 Bracer
42:09 Leather Archer Armor
45:28 Elite Samurai
46:44 Hoardings
49:34 Blast Furnace
Julius Caesar
7:52 Loom
10:19 Feudal Age
10:40 Double-Bit Axe
15:49 Castle Age
14:03 Horse Collar
16:07 Wheelbarrow
16:14 Wheelbarrow
17:01 Bow Saw
18:22 Heavy Plow
29:05 Imperial Age
27:11 Hand Cart
27:23 Scale Barding Armor
27:32 Forging
28:42 Gold Mining
28:42 Stone Mining
29:45 Iron Casting
29:30 Chain Barding Armor
30:26 Gold Shaft Mining
30:32 Stone Shaft Mining
30:40 Crop Rotation
31:15 Two-Man Saw
30:48 Conscription
32:44 Chemistry
33:29 Blast Furnace
33:05 Plate Barding Armor
33:21 Ballistics
33:11 Padded Archer Armor
33:01 Fletching
33:37 Citadels
34:34 Gambesons
34:09 Man-at-Arms
35:25 Heavy Scorpion
35:40 Elite Skirmisher
36:59 Elite War Elephant
38:06 Pikeman
40:20 Kamandaran
39:46 Crossbowman
40:31 Thumb Ring
40:43 Halberdier
41:24 Bodkin Arrow
41:31 Scale Mail Armor
46:09 Leather Archer Armor
51:54 Ring Archer Armor
51:39 Chain Mail Armor
57:31 Cavalier
58:12 Husbandry
59:59 Savar
Tulak Hord3920
0:27 Loom
11:14 Feudal Age
19:03 Castle Age
蒲池木昜
12:03 Feudal Age
14:02 Double-Bit Axe
22:21 Castle Age
22:54 Padded Archer Armor
22:45 Fletching
23:50 Elite Skirmisher
27:00 Bodkin Arrow
27:21 Leather Archer Armor
31:08 Bow Saw
32:36 Caravan
33:35 Ballistics
33:36 Fortified Wall
39:40 Masonry
53:54 Scale Barding Armor
53:51 Scale Mail Armor
54:02 Forging
53:53 Pikeman
54:33 Squires
59:03 Imperial Age
60:43 Imperial Age
60:48 Guard Tower
60:49 Heated Shot
60:40 Treadmill Crane
60:57 Murder Holes
61:13 Clinker Construction
61:09 Siphons
61:15 Careening
Connection lost

Rejoining the realm…

Still unreachable

The connection could not be restored.

Session expired

The server has moved on; the page needs a fresh start.